 Dungeon Crawl Stone Soup version 0.31-a0-818-ge7c7cf74f0 (console) character file.

Game seed: 2550106936218731243

1620290 questionabletactics the Sensei (level 26, 213/213 (222) HPs)
             Began as a Demonspawn Venom Mage on Sept 22, 2023.
             Was the Champion of Vehumet.
             Escaped with the Orb
             ... and 3 runes on Sept 23, 2023!
             The game lasted 04:18:46 (74316 turns).

questionabletactics the Sensei (DsVM)              Turns: 74316, Time: 04:18:47

HP:   213/213 (222) AC: 25    Str: 20    XL:     26   Next: 55%
MP:   39/39         EV: 34    Int: 18    God:    Vehumet [******]
Gold: 5209          SH: 28    Dex: 34    Spells: 20/49 levels left

rFire   + +          +
                       - Unarmed
rCold   + . .        w - +5 kite shield {AC+3}
rNeg    . . .        v - quicksilver dragon scales
rPois   +            j - +2 helmet of Inquiry {rPois}
rElec   +            a - scarf {rC+ rF+}
rCorr   .            (gloves unavailable)
SInv    +            E - +2 pair of boots "Kidwoemn" {Contam rElec rF+ Dex+3}
Will    ++...        Q - amulet of reflection
Stlth   +            u - ring "Toilech" {Str+6 Dex+6 SInv}
HPRegen 0.55/turn    V - ring of Fakhiun {rF+ Dex+6}
MPRegen 0.26/turn

%: reflection
@: hasted, studying Ranged Weapons, lightly drained, very quick
A: claws 3, ignite blood 3, powered by death 3, black mark, sanguine armour 3,
bedeviling, aura of silence, dopey 1, strong 1, subdued magic 1
0: Orb of Zot
}: 3/15 runes: decaying, serpentine, silver
a: Renounce Religion


You escaped.
You worshipped Vehumet.
Vehumet was exalted by your worship.
You visited 11 branches of the dungeon, and saw 51 of its levels.
You visited the Abyss 1 time.
You visited 1 bazaar.
You also visited: Ossuary, Ice Cave and Volcano.

You collected 10377 gold pieces.
You spent 5168 gold pieces at shops.

Inventory:

Hand Weapons
 s - the +5 Force Lance {heavy, knockback}
   (You found it on level 2 of the Dungeon)
Missiles
 i - 11 curare-tipped darts
 z - 3 throwing nets
Armour
 a - a scarf of resistance (worn)
 d - the +2 ring mail of Viotesch {Will+ Str+6}
   (You bought it in a shop on level 3 of the Depths)

   Str+6:     It affects your strength (+6).
   Will+:     It increases your willpower.
 j - the +2 helmet of Inquiry (worn) {rPois}
   (You bought it in a shop in a bazaar)

   rPois:     It protects you from poison
 v - quicksilver dragon scales (worn)
 w - a +5 kite shield of protection (worn)
 y - the +3 pair of mountain boots {steadfast, rC+}
   (You found it on level 3 of the Elven Halls)

   Steadfast: It prevents involuntary movement, except for blinking,
   teleportation, or banishment.
   rC+:       It protects you from cold.
 D - a +4 ring mail of fire resistance
 E - the +2 pair of boots "Kidwoemn" (worn) {Contam rElec rF+ Dex+3}
   (You found it on level 2 of the Depths)

   Dex+3:     It affects your dexterity (+3).
   rF+:       It protects you from fire.
   rElec:     It insulates you from electricity.
   Contam:    It causes magical contamination when unequipped.
 M - the +3 pair of seven-league boots {Rampage+∞}
   (You found it on level 5 of the Vaults)

   Rampage+∞: When moving toward enemies, its wearer moves as far as possible,
   alerting their target en route.
Jewellery
 u - the ring "Toilech" (left claw) {Str+6 Dex+6 SInv}
   (You found it in an ice cave)

   [ring of strength]

   Str+6:     It affects your strength (+6).
   Dex+6:     It affects your dexterity (+6).
   SInv:      It lets you see invisible.
 x - an amulet of regeneration
 H - the ring "Neoh" {Fly Dex+3}
   (You took it off a deep elf zephyrmancer on level 1 of the Elven Halls)

   [ring of flight]

   Dex+3:     It affects your dexterity (+3).
   Fly:       It grants you flight.
 N - the ring of Nagemp {rC+ rCorr Str-2 Int+2}
   (You took it off a deep elf archer on level 1 of the Elven Halls)

   [ring of resist corrosion]

   Str-2:     It affects your strength (-2).
   Int+2:     It affects your intelligence (+2).
   rC+:       It protects you from cold.
   rCorr:     It protects you from acid and corrosion.
 Q - an amulet of reflection (around neck)
 V - the ring of Fakhiun (right claw) {rF+ Dex+6}
   (You found it on level 5 of the Lair of Beasts)

   [ring of dexterity]

   Dex+6:     It affects your dexterity (+6).
   rF+:       It protects you from fire.
 Y - the ring of Grace {rElec rN+ Str+7 Int-2 Stlth+}
   (You found it on level 3 of the Crypt)

   [ring of positive energy]

   Str+7:     It affects your strength (+7).
   Int-2:     It affects your intelligence (-2).
   rElec:     It insulates you from electricity.
   rN+:       It protects you from negative energy.
   Stlth+:    It makes you more stealthy.
 Z - the ring "Enana" {Will+ rCorr Dex+4}
   (You took it off a deep elf zephyrmancer on level 1 of the Elven Halls)

   [ring of willpower]

   Dex+4:     It affects your dexterity (+4).
   Will+:     It increases your willpower.
   rCorr:     It protects you from acid and corrosion.
Wands
 m - a wand of polymorph (20)
 p - a wand of mindburst (33)
 q - a wand of quicksilver (32)
 r - a wand of charming (32)
 J - a wand of flame (6)
 O - a wand of iceblast (43)
Scrolls
 g - 17 scrolls of teleportation
 h - 10 scrolls of blinking
 k - 9 scrolls of fog
 l - 5 scrolls of summoning
 t - 4 scrolls of fear
 B - 3 scrolls of silence
 F - 6 scrolls of vulnerability
 S - 7 scrolls of amnesia
 T - a scroll of enchant armour
Potions
 b - 12 potions of magic
 c - 8 potions of mutation
 e - 18 potions of curing
 f - 9 potions of might
 o - 2 potions of cancellation
 A - 5 potions of haste
 C - 7 potions of resistance
 G - 11 potions of enlightenment
 I - 9 potions of brilliance
 K - 12 potions of heal wounds
 P - 4 potions of invisibility
 W - a potion of ambrosia
Miscellaneous
 L - a phantom mirror
 U - a phial of floods


   Skills:
 + Level 21.2 Fighting
 - Level 15.2 Armour
 - Level 20.0 Dodging
 - Level 3.1 Stealth
 - Level 15.6 Shields
 + Level 23.6 Unarmed Combat
 - Level 12.2 Spellcasting
 - Level 14.6 Conjurations
 - Level 12.8 Translocations
 - Level 0.8 Transmutations
 - Level 5.2 Air Magic
 - Level 7.1 Poison Magic
 - Level 4.3 Evocations


You had 20 spell levels left.
You knew the following spells:

 Your Spells              Type           Power      Damage    Failure   Level
a - Sting                 Tmut/Pois      76%        1d6       1%          1
b - Swiftness             Air            23%        N/A       3%          3
c - Mephitic Cloud        Conj/Pois/Air  33%        N/A       1%          3
d - Olgreb's Toxic Radia  Pois           28%        N/A       1%          4
e - Ignite Poison         Fire/Tmut/Pois 15%        N/A       3%          3
f - Sticky Flame          Conj/Fire      28%        2d5       1%          4
g - Freezing Cloud        Conj/Ice/Air   13%        6-21      6%          5
h - Blink                 Tloc           88%        N/A       1%          2
i - Manifold Assault      Tloc           44%        N/A       1%          4

Your spell library contained the following spells:

 Spells                   Type           Power      Damage    Failure   Level
 Chain Lightning          Conj/Air       18%        3d24      100%        9
 Shatter                  Erth           4%         3d7*      100%        9
 Magic Dart               Conj           100%       1d8       0%          1
 Kiss of Death            Conj/Necr      100%       2d13      1%          1
 Lesser Beckoning         Tloc           88%        N/A       1%          2
 Momentum Strike          Conj/Tloc      92%        3d10      1%          2
 Poisonous Vapours        Pois/Air       50%        N/A       1%          2
 Dazzling Flash           Conj/Hex       86%        N/A       1%          3
 Gell's Gravitas          Tloc           44%        N/A       1%          3
 Hailstorm                Conj/Ice       28%        3d8       1%          3
 Stone Arrow              Conj/Erth      56%        3d10      1%          3
 Teleport Other           Tloc           44%        N/A       1%          3
 Volatile Blastmotes      Fire/Tloc      52%        2d14      1%          3
 Brom's Barrelling Bould  Conj/Erth      28%        2d5       1%          4
 Flame Wave               Conj/Fire      28%        2d9       1%          4
 Fulminant Prism          Conj/Hex       21%        3d12      1%          4
 Iskenderun's Mystic Bla  Conj/Tloc      46%        2d10      1%          4
 Freeze                   Ice            32%        1d5       3%          1
 Sandblast                Erth           16%        2d6       3%          1
 Irradiate                Conj/Tmut      15%        3d16      3%          5
 Fireball                 Conj/Fire      14%        3d8       4%          5
 Scorch                   Fire           16%        2d5       5%          2
 Dimensional Bullseye     Hex/Tloc       19%        N/A       8%          4
 Dispersal                Tloc           22%        N/A       9%          6
 Frozen Ramparts          Ice            16%        1d3       10%         3
 Inner Flame              Hex/Fire       12%        N/A       10%         3
 Necrotise                Necr           32%        1d5       12%         1
 Summon Small Mammal      Summ           32%        N/A       12%         1
 Passwall                 Tmut/Erth      7%         N/A       14%         2
 Call Imp                 Summ           16%        N/A       19%         2
 Ensorcelled Hibernation  Hex/Ice        24%        N/A       19%         2
 Sublimation of Blood     Necr           8%         N/A       19%         2
 Starburst                Conj/Fire      14%        6d6       24%         6
 Call Canine Familiar     Summ           8%         N/A       34%         3
 Sigil of Binding         Hex            12%        N/A       34%         3
 Vampiric Draining        Necr           8%         2d6       34%         3
 Yara's Violent Unravell  Hex/Tmut       7%         3d5       56%         5
 Eringya's Noxious Bog    Tmut/Pois      9%         4d6       65%         6
 Petrify                  Tmut/Erth      9%         N/A       71%         4
 Silence                  Hex/Air        11%        N/A       75%         5
 Animate Armour           Summ/Erth      16%        N/A       77%         4
 Animate Dead             Necr           8%         N/A       77%         4
 Cause Fear               Hex            6%         N/A       77%         4
 Dispel Undead            Necr           8%         3d8       77%         4
 Leda's Liquefaction      Hex/Erth       6%         N/A       77%         4
 Spellforged Servitor     Conj/Summ      14%        N/A       77%         7
 Agony                    Necr           8%         N/A       98%         5
 Metabolic Englaciation   Hex/Ice        6%         N/A       98%         5
 Simulacrum               Ice/Necr       4%         N/A       100%        6
 Summon Cactus Giant      Summ           4%         N/A       100%        6
 Enfeeble                 Hex            6%         N/A       100%        7
 Haunt                    Necr/Summ      4%         N/A       100%        7
 Malign Gateway           Summ/Tloc      13%        N/A       100%        7
 Discord                  Hex            6%         N/A       100%        8
 Ignition                 Fire           4%         3d4       100%        8
 Infestation              Necr           4%         N/A       100%        8
 Maxwell's Capacitive Co  Air            11%        ∞         100%        8
 Summon Horrible Things   Summ           4%         N/A       100%        8
 Death's Door             Necr           4%         N/A       100%        9
 Dragon's Call            Summ           4%         N/A       100%        9


Dungeon Overview and Level Annotations

Branches:
Dungeon (15/15)            Temple (1/1) D:4            Lair (5/5) D:10
  Swamp (4/4) Lair:2        Snake (4/4) Lair:2        Slime (0/5) Lair:4
    Orc (2/2) D:12            Elf (3/3) Orc:2        Vaults (5/5) D:13
  Crypt (3/3) Vaults:3       Tomb (0/3) Crypt:3      Depths (4/4) D:15
    Zot (5/5) Depths:4    Ossuary (visited)           IceCv (visited)
Volcano (visited)

Altars:
Ashenzari
Cheibriados
Dithmenos
Fedhas
Gozag
Hepliaklqana
Kikubaaqudgha
Makhleb
Nemelex Xobeh
Okawaru
Qazlal
Ru
Sif Muna
Trog
Uskayaw
Vehumet
Wu Jian
Xom
Yredelemnul

Shops:
D:4 ((   D:5 *   D:6 ?   D:7 ?   D:13 *   Orc:2 [!*:   Elf:1 =   Elf:3 *
Snake:2 !   Snake:4 (   Vaults:1 *=:   Vaults:2 !(!   Depths:1 :*   Depths:3 *

Portals:
Hell: Depths:1 Depths:2 Depths:3 Depths:4
Abyss: Depths:3 Depths:4
Pandemonium: Depths:2
Ziggurat: Depths:3

Annotations:
Elf:2 3 runed translucent doors
Zot:1 1 transporter


Innate Abilities, Weirdness & Mutations

You have claws for hands.
Your demonic aura causes all spilled blood to erupt in flames.
You regenerate a lot of health from kills.
Your melee attacks may debilitate your foes.
When seriously injured, your blood forms very thick armour. (AC +0)
Your hexes are more powerful.
You are surrounded by an aura of silence.
You are dopey. (Int -2)
Your muscles are strong. (Str +4, Int/Dex -1)
Your spells are a little easier to cast, but a little less powerful.


Message History

A sun demon comes into view.
A Toteitar and a ynoxinul come into view.
Toteitar moves out of view.
You feel yourself speed up.
Press: ? - help, v - describe, . - travel
Here: Toteitar The floor.
A Hell Sentinel comes into view.
The Hell Sentinel roars!
Blink to where?
Press: ? - help, Dir - move target
As you read the scroll of blinking, it crumbles to dust.
There is a stone staircase leading up here.
You climb upwards.
There is a stone staircase leading down here.
Aiming: Dig
Press: ? - help, Shift-Dir - straight line, f - you Please select a direction to dig.
A stone staircase leading down.
This square is covered in magical glow.
The rock shatters into small pieces.
The now-empty wand crumbles to dust.
A rakshasa comes into view. It is wielding a +0 long sword.
There is an escape hatch in the ceiling here.
A mysterious force pulls you upwards. The hatch slams shut behind you.
Your extra speed is starting to run out.
You see here a +0 robe.
You feel yourself slow down.
A hellwing comes into view.
The hellwing gives a chilling moan.
Jasaitsuu comes into view.
You feel yourself speed up.
Press: ? - help, v - describe, . - travel The floor.
This square is covered in magical glow.
Blink to where?
Press: ? - help, Dir - move target
As you read the scroll of blinking, it crumbles to dust.
Blink to where?
Press: ? - help, Dir - move target
As you read the scroll of blinking, it crumbles to dust.
You have escaped!

#############
#..#.....#..#
##############
#@.###'###..#
....†........#
#..'.....'..#
############.#
####..#..#### # #.#
#....###....# # #.#
#.....#.....# # #.#
#.#.⌠.#.⌠.#.#
#.###.#.......#.#
########...#.###...###.#
#.....######...........#


There were no monsters in sight!

Vanquished Creatures
  5 dread liches
  Mara (Vaults:5)
  2 ancient liches (Zot:5)
  3 orbs of fire
  A juggernaut (Depths:2)
  The ghost of Hegoitz the Impregnable, a veteran MiGl of Hepliaklqana (Crypt:1)
  Vv (Depths:4)
  Margery (Vaults:3)
  5 Killer Klowns
  10 golden dragons
  Jory (Crypt:3)
  Norris (Elf:3)
  3 bone dragons
  2 profane servitors
  A doom hound (Depths:4)
  A Tzitzimitl (Depths:4)
  3 electric golems
  Zenata (Elf:1)
  Jorgrun (Swamp:1)
  A walking crystal tome (Depths:2)
  A lich (Crypt:3)
  10 tentacled monstrosities
  23 Orb Guardians
  6 titans
  2 walking frostbound tomes (Depths:2)
  5 quicksilver dragons
  2 deep elf blademasters (Elf:3)
  An Executioner (Zot:4)
  4 ancient champions
  10 sphinxes
  The ghost of Zapal the Geomancer, an adept DgEE (Snake:2)
  5 death cobs
  Aizul (Snake:1)
  A tentacled starspawn (Abyss:2)
  2 thorn hunters
  7 tengu reavers
  The ghost of rjrrt the Severer, an adept MiFi of Okawaru (Swamp:1)
  9 storm dragons
  16 shadow dragons
  Kirke (D:12)
  A daeva (Depths:3)
  4 revenants
  3 draconian monks
  3 fenstrider witches
  A draconian knight (Zot:1)
  4 fire giants
  Roxanne (Elf:3)
  8 frost giants
  12 vault wardens
  3 iron dragons
  4 nagarajas
  A curse skull (Crypt:1)
  4 draconian scorchers
  16 deep elf sorcerers
  A spectral juggernaut (Crypt:1)
  A shard shrike simulacrum (Crypt:1)
  3 orc warlords
  2 ghost moths
  A ghost moth (shapeshifter) (Vaults:5)
  4 deep elf elementalists
  A spriggan defender (Depths:2)
  2 ghouls
  A draconian annihilator (Zot:1)
  6 draconian stormcallers
  4 formless jellyfish
  3 draconian shifters
  7 ironbound thunderhulks
  26 ironbound preservers
  31 very ugly things
  16 stone giants
  A war gargoyle (Vaults:5)
  13 vampire knights
  5 eleionomae
  9 black draconians
  3 deep elf demonologists
  7 yellow draconians
  8 red draconians
  4 bunyips
  7 white draconians
  13 green draconians
  8 dire elephants
  8 starcursed masses (Abyss:2)
  7 deep elf annihilators
  4 purple draconians
  4 eidola
  A blizzard demon (Zot:3)
  An acid blob zombie (Crypt:2)
  2 green deaths (Swamp:4)
  5 fire dragons
  8 deep elf death magi
  A merfolk javelineer (Depths:4)
  15 ettins
  An entropy weaver (shapeshifter) (Elf:3)
  3 shambling mangroves
  A crystal guardian (Vaults:3)
  22 yaktaur captains
  10 deep elf high priests
  An entropy weaver (Vaults:5)
  23 jiangshi
  7 great orbs of eyes
  A caustic shrike simulacrum (Crypt:1)
  12 ice dragons
  Josephine (D:14)
  2 salamander tyrants (Snake:4)
  A hell beast (D:4)
  A rakshasa (D:14)
  Erolcha (Orc:1)
  A spriggan skeleton (Depths:1)
  34 vault guards
  7 spriggan air magi
  A peacekeeper (Vaults:3)
  19 hydras
  A ghost crab (Swamp:1)
  6 ironbound frosthearts
  An anaconda (shapeshifter) (Depths:4)
  5 death knights
  9 alligators
  24 centaur warriors
  4 boulder beetles
  21 dancing weapons
  16 anacondas
  3 hell hogs (Depths:1)
  10 naga warriors
  A two-headed ogre (D:10)
  4 tengu warriors
  3 deep troll shamans
  5 deep troll earth magi
  A spectral dire elephant (Crypt:3)
  5 vampire magi
  3 spriggan berserkers
  A thrashing horror (Abyss:2)
  5 orc high priests (Orc:2)
  11 shock serpents
  12 naga sharpshooters
  15 hell knights
  18 spriggans
  3 soul eaters
  13 deep elf knights
  4 sun demons (Depths:1)
  12 salamander mystics
  6 shadow wraiths
  A wretched star (Abyss:2)
  A storm dragon skeleton (Depths:1)
  45 deep trolls
  7 iron trolls
  3 skysharks
  3 fire crabs
  A spatial maelstrom (Abyss:2)
  A quicksilver dragon simulacrum (Crypt:1)
  5 flayed ghosts
  43 skeletal warriors
  3 spriggan druids
  6 goliath frogs
  3 swamp dragons
  5 bog bodies
  4 naga ritualists
  3 glowing orange brains
  22 wizards
  7 deep elf archers
  25 ironbound convokers
  12 lindwurms
  A shadow demon (Zot:4)
  Pikel (D:5)
  14 phantasmal warriors
  A spriggan simulacrum (Crypt:1)
  A steelbarb worm (Vaults:2)
  An anaconda skeleton (Crypt:1)
  33 deep elf pyromancers
  A harpy (shapeshifter) (D:12)
  A tengu zombie (Depths:1)
  14 mana vipers
  13 orc knights
  A will-o-the-wisp (Swamp:2)
  7 cyclopes
  A manticore (shapeshifter) (Vaults:5)
  26 deep elf zephyrmancers
  A moth of wrath (shapeshifter) (Vaults:5)
  4 manticores
  7 necromancers
  61 ugly things
  34 salamanders
  A faun (shapeshifter) (D:15)
  10 moths of wrath
  An eleionoma skeleton (Crypt:1)
  51 black mambas
  Maurice (D:8)
  5 toenail golems (Volcano)
  4 smoke demons (Depths:1)
  8 guardian serpents
  15 vault sentinels
  A torpor snail (shapeshifter) (Depths:2)
  2 ice statues (Elf:1)
  2 molten gargoyles (Lair:5)
  11 elephants
  5 storm dragon simulacra (IceCv)
  An unseen horror (shapeshifter) (Elf:1)
  2 gargoyles
  A rime drake (Lair:5)
  2 unseen horrors
  2 orange demons (Swamp:4)
  A grey draconian zombie (Crypt:2)
  11 naga magi
  A rime drake (shapeshifter) (D:13)
  20 komodo dragons
  A hellion (Depths:1)
  6 freezing wraiths
  11 cane toads
  2 efreet
  A kobold demonologist (D:13)
  A tormentor (Zot:1)
  2 tengu conjurers
  22 yaktaurs
  An anaconda simulacrum (Crypt:3)
  2 yaktaur zombies (Vaults:4)
  An ancient zyme (Abyss:2)
  A golden dragon simulacrum (IceCv)
  2 spectral nagas (Crypt:1)
  A hellwing (Abyss:2)
  7 trolls
  5 polar bears
  27 blink frogs
  An iron giant simulacrum (Crypt:1)
  A meliai (shapeshifter) (Depths:2)
  A hydra zombie (Crypt:2)
  9 tyrant leeches
  A death drake skeleton (Crypt:2)
  A raiju (Abyss:2)
  A harpy skeleton (Abyss:2)
  A spriggan zombie (Depths:1)
  16 hornets
  A snapping turtle (shapeshifter) (Depths:3)
  5 large abominations
  43 slime creatures
  A centaur simulacrum (Crypt:1)
  8 small abominations
  Sigmund (D:4)
  2 vampires
  4 shadows
  3 air elementals
  48 flying skulls (Crypt:3)
  A slime creature (shapeshifter) (Vaults:3)
  16 wraiths
  62 yaks
  A wind drake zombie (Crypt:2)
  A ynoxinul (D:6)
  7 wyverns
  5 water elementals
  4 fire elementals
  4 basilisks
  An alligator snapping turtle simulacrum (Crypt:1)
  4 fire bats (Depths:4)
  4 steam dragons
  25 vampire mosquitoes
  5 golden eyes (Abyss:2)
  A spatial vortex (Abyss:2)
  A warg (Orc:2)
  A harpy simulacrum (Crypt:3)
  34 nagas
  A deep troll zombie (Crypt:2)
  5 hell hounds
  3 acid dragons
  21 swamp worms
  11 water moccasins
  27 orc warriors
  3 black bears
  5 ice dragon simulacra (IceCv)
  Duvessa (D:7)
  3 ice beasts
  A sky beast (shapeshifter) (Elf:2)
  A meliai simulacrum (D:14)
  3 sky beasts
  An ettin simulacrum (Crypt:1)
  2 human zombies
  A boggart (Vaults:2)
  8 centaurs
  12 wolves
  8 ogres
  A phantom (D:7)
  4 lemures
  An elf zombie (Crypt:1)
  6 kobold brigands
  13 bullfrogs
  A rime drake skeleton (Crypt:1)
  4 necrophages (Crypt:3)
  2 gnoll sergeants
  2 earth elementals
  2 scorpions (D:7)
  6 water moccasin zombies (Ossuary)
  3 wights (D:8)
  Dowan (D:7)
  5 lindwurm simulacra (IceCv)
  6 killer bees (D:11)
  7 jellies
  7 electric eels
  7 howler monkeys
  A crimson imp (Abyss:2)
  5 lava snakes (Lair:5)
  4 hounds
  A quasit (Abyss:2)
  27 orc priests
  2 sleepcaps
  A gnoll bouda (D:5)
  An iguana (D:4)
  21 orc wizards
  5 hell rats (Lair:1)
  An acid dragon skeleton (Crypt:2)
  A tengu skeleton (Crypt:1)
  3 mummies
  20 gnolls
  6 adders
  A steam dragon zombie (Crypt:1)
  4 white imps
  5 ufetubi
  A worm zombie (Crypt:1)
  An adder skeleton (Crypt:1)
  4 adder zombies (Ossuary)
  5 worms
  64 orcs
  7 endoplasms
  5 giant cockroaches
  9 gnoll zombies (Ossuary)
  5 goblins
  13 hobgoblins
  8 jackals
  11 kobolds
  4 quokkas
  5 ball pythons
  5 bats
  A dart slug zombie (Crypt:2)
  4 frilled lizards (D:1)
  4 hobgoblin zombies (Ossuary)
  6 kobold zombies (Ossuary)
  5 orc zombies (Ossuary)
  2 rats
  A butterfly (Lair:4)
2305 creatures vanquished.

Vanquished Creatures (collateral kills)
  Sojobo (Vaults:3)
  A doom hound (Depths:4)
  Grunn (Depths:4)
  Donald (Swamp:1)
  A storm dragon simulacrum (IceCv)
  A golden dragon simulacrum (IceCv)
  An ice dragon simulacrum (IceCv)
  A gnoll (D:5)
8 creatures vanquished.

Vanquished Creatures (others)
  A doom hound (Depths:4)
  A deep elf elementalist (Elf:3)
  A black draconian (Zot:1)
  A hell beast (Swamp:4)
  A fire giant zombie (Depths:1)
  2 golden dragon simulacra (IceCv)
  6 bloated husks
  5 humans (D:12)
  A yak (D:8)
  2 vampire mosquitoes
  A swamp worm (Swamp:1)
  9 foxfires (Swamp:2)
  2 starspawn tentacles (Abyss:2)
33 creatures vanquished.

Grand Total: 2346 creatures vanquished

Notes
Turn   | Place    | Note
-------+----------+-------------------------------------------
     0 | D:1      | questionabletactics the Demonspawn Venom Mage began the
                  | quest for the Orb.
     0 | D:1      | Reached XP level 1. HP: 13/13 MP: 3/3
   282 | D:1      | Gained mutation: You have sharp fingernails. [demonic
                  | ancestry]
   282 | D:1      | Reached XP level 2. HP: 19/19 MP: 0/5
   965 | D:1      | Learned a level 2 spell: Poisonous Vapours
  1010 | D:1      | Found a faded altar of an unknown god.
  1056 | D:1      | Gained mutation: You regenerate a little health from kills.
                  | [demonic ancestry]
  1056 | D:1      | Reached XP level 3. HP: 24/24 MP: 4/7
  2436 | D:2      | Gained mutation: Your demonic aura sometimes causes spilled
                  | blood to erupt in flames. [demonic ancestry]
  2436 | D:2      | Reached XP level 4. HP: 30/30 MP: 4/8
  2516 | D:2      | Found the +5 Force Lance {heavy, knockback}
  2815 | D:3      | Found a radiant altar of Vehumet.
  2819 | D:3      | Became a worshipper of Vehumet
  3166 | D:3      | Identified the +7 dagger of Tumult {spect, rElec rN+++
                  | Str-4 Dex-3}
  3398 | D:4      | Gained mutation: You have very sharp fingernails. [demonic
                  | ancestry]
  3398 | D:4      | Reached XP level 5. HP: 34/35 MP: 6/10
  3424 | D:4      | Found a staircase to the Ecumenical Temple.
  3436 | Temple   | Entered the Ecumenical Temple
  3469 | D:4      | Found a broken altar of Ashenzari.
  3570 | D:4      | Found Bennuog's Weapon Boutique.
  3788 | D:4      | Learned a level 3 spell: Mephitic Cloud
  3822 | D:4      | Noticed Sigmund
  3891 | D:4      | Found a sparkling altar of Nemelex Xobeh.
  4016 | D:4      | Reached skill level 1 in Conjurations
  4169 | D:4      | Found an ancient bone altar of Kikubaaqudgha.
  4281 | D:4      | Reached XP level 6. HP: 41/41 MP: 12/12
  4294 | D:4      | Found Suqim's Antique Weapon Boutique.
  4315 | D:4      | Reached * piety under Vehumet
  4315 | D:4      | Offered knowledge of Sandblast by Vehumet.
  4585 | D:5      | Entered Level 5 of the Dungeon
  4704 | D:5      | Found Wuot Hax's General Store.
  4800 | D:5      | Noticed Pikel
  5180 | D:5      | Reached skill level 5 in Spellcasting
  5277 | D:5      | Gained mutation: Your demonic aura often causes spilled
                  | blood to erupt in flames. [demonic ancestry]
  5277 | D:5      | Reached XP level 7. HP: 46/46 MP: 10/14
  5300 | D:5      | Reached skill level 5 in Poison Magic
  5689 | D:5      | Found a blossoming altar of Fedhas.
  6135 | D:5      | Killed Pikel
  6136 | D:5      | Gained mutation: When seriously injured, your blood forms
                  | armour. (AC +0) [demonic ancestry]
  6136 | D:5      | Reached XP level 8. HP: 50/52 MP: 8/18
  6298 | D:6      | Reached skill level 1 in Unarmed Combat
  6374 | D:6      | Reached skill level 2 in Unarmed Combat
  6386 | D:6      | Reached ** piety under Vehumet
  6386 | D:6      | Offered knowledge of Scorch by Vehumet.
  6495 | D:6      | Found Usamits's Magic Scroll Emporium.
  6519 | D:6      | Reached skill level 3 in Unarmed Combat
  6870 | D:6      | Gained mutation: Your demonic aura causes all spilled blood
                  | to erupt in flames. [demonic ancestry]
  6870 | D:6      | Reached XP level 9. HP: 57/57 MP: 17/21
  6874 | D:6      | Reached skill level 4 in Unarmed Combat
  6907 | D:6      | Learned a level 4 spell: Olgreb's Toxic Radiance
  6921 | D:6      | Learned a level 3 spell: Ignite Poison
  6939 | D:6      | Reached skill level 5 in Unarmed Combat
  7212 | D:7      | Reached skill level 1 in Fighting
  7244 | D:7      | Found a sand-covered staircase.
  7244 | D:7      | Noticed Duvessa
  7244 | D:7      | Noticed Dowan
  7255 | D:7      | Killed Dowan
  7259 | D:7      | Killed Duvessa
  7266 | D:7      | Offered knowledge of Dazzling Flash by Vehumet.
  7278 | Ossuary  | Entered an ossuary
  7355 | Ossuary  | Reached *** piety under Vehumet
  7418 | Ossuary  | Offered knowledge of Fulminant Prism by Vehumet.
  7419 | Ossuary  | Reached skill level 6 in Unarmed Combat
  7617 | D:7      | Gained mutation: When seriously injured, your blood forms
                  | thick armour. (AC +0) [demonic ancestry]
  7617 | D:7      | Reached XP level 10. HP: 67/71 MP: 22/22
  7809 | D:7      | Found Dirphykhli's Magic Scroll Emporium.
  8128 | D:8      | Found a shimmering blue altar of Sif Muna.
  8191 | D:8      | Noticed Maurice
  8205 | D:8      | Maurice stole a ring of fire
  8215 | D:8      | Killed Maurice
  8296 | D:8      | Found a hide-covered altar of Uskayaw.
  8369 | D:8      | Reached skill level 7 in Unarmed Combat
  8813 | D:8      | Learned a level 4 spell: Sticky Flame
  8830 | D:9      | Reached skill level 8 in Unarmed Combat
  8941 | D:9      | Reached **** piety under Vehumet
  9304 | D:9      | Offered knowledge of Freezing Cloud by Vehumet.
  9306 | D:9      | Reached skill level 5 in Conjurations
  9312 | D:9      | Learned a level 5 spell: Freezing Cloud
  9367 | D:9      | Found an iron altar of Okawaru.
  9539 | D:10     | Entered Level 10 of the Dungeon
  9572 | D:10     | Found a staircase to the Lair.
 10072 | D:10     | You fall into a shaft and drop 3 floors!
 10072 | D:13     | Found Canig's General Store.
 10250 | D:11     | Gained mutation: Your hexes are more powerful. [demonic
                  | ancestry]
 10250 | D:11     | Reached XP level 11. HP: 69/77 MP: 21/23
 10346 | D:10     | Noticed a two-headed ogre
 10359 | D:10     | Killed a two-headed ogre
 10360 | D:10     | Reached skill level 9 in Unarmed Combat
 10755 | D:10     | Found an ornate altar of the Wu Jian Council.
 10824 | Lair:1   | Entered Level 1 of the Lair of Beasts
 11083 | Lair:1   | Identified the ring of Coezxel {Ice +Blink SInv}
 11329 | Lair:1   | Reached ***** piety under Vehumet
 11330 | Lair:1   | Reached skill level 5 in Dodging
 11334 | Lair:1   | Offered knowledge of Yara's Violent Unravelling by Vehumet.
 11530 | Lair:1   | Identified the +7 chain mail of the Blessed Realm {rN+
                  | rCorr Dex-3}
 12226 | Lair:2   | Reached skill level 1 in Air Magic
 12417 | Lair:2   | Noticed a five-headed hydra
 12420 | Lair:2   | Found a staircase to the Snake Pit.
 12701 | Lair:2   | Gained mutation: Your melee attacks may debilitate your
                  | foes. [demonic ancestry]
 12701 | Lair:2   | Reached XP level 12. HP: 80/83 MP: 25/25
 13107 | Lair:2   | Killed a five-headed hydra
 13108 | Lair:2   | Reached skill level 10 in Spellcasting
 13398 | Lair:2   | Noticed a five-headed hydra
 13404 | Lair:2   | Killed a five-headed hydra
 13434 | Lair:2   | Found a staircase to the Swamp.
 13666 | Lair:3   | Reached skill level 10 in Unarmed Combat
 13751 | Lair:3   | Found a dark tunnel.
 13763 | Volcano  | Entered a volcano
 13891 | Volcano  | Offered knowledge of Irradiate by Vehumet.
 13898 | Volcano  | Reached skill level 11 in Unarmed Combat
 14316 | Lair:3   | Reached skill level 5 in Fighting
 14316 | Lair:3   | Reached XP level 13. HP: 91/91 MP: 22/27
 14978 | Lair:4   | Found a snail-covered altar of Cheibriados.
 15173 | Lair:4   | Found a staircase to the Slime Pits.
 16011 | Lair:4   | Identified the +0 kite shield "Hius" {rCorr}
 16565 | Lair:4   | Learned a level 3 spell: Swiftness
 16566 | Lair:5   | Entered Level 5 of the Lair of Beasts
 16674 | Lair:5   | Reached skill level 12 in Unarmed Combat
 17492 | Lair:5   | Gained mutation: You have claws for hands. [demonic
                  | ancestry]
 17492 | Lair:5   | Reached XP level 14. HP: 104/104 MP: 23/28
 17721 | Lair:5   | Reached skill level 10 in Dodging
 17998 | Lair:5   | Found a large runed translucent door.
 17998 | Lair:5   | Found a large runed translucent door.
 18546 | Lair:5   | Identified the ring of Fakhiun {rF+ Dex+6}
 18982 | D:11     | Identified the +3 leather armour of Gravitas {rN+}
 19907 | D:12     | Offered knowledge of Iskenderun's Battlesphere by Vehumet.
 19945 | D:12     | Noticed Kirke
 19964 | D:12     | Killed Kirke
 19998 | D:12     | Noticed a tengu reaver
 20266 | D:12     | Found a staircase to the Orcish Mines.
 20354 | D:12     | Identified the +6 shortbow of Unreason {heavy, rF+ Str+2}
 20714 | D:12     | Killed a tengu reaver
 21553 | Orc:1    | Entered Level 1 of the Orcish Mines
 21668 | Orc:1    | Noticed Erolcha
 21679 | Orc:1    | Killed Erolcha
 22023 | Orc:2    | Entered Level 2 of the Orcish Mines
 22036 | Orc:2    | Found a staircase to the Elven Halls.
 22406 | Orc:2    | Reached skill level 10 in Fighting
 22437 | Orc:2    | Reached ****** piety under Vehumet
 22467 | Orc:2    | Offered knowledge of Fireball by Vehumet.
 22615 | Orc:2    | Reached skill level 13 in Unarmed Combat
 22635 | Orc:2    | Gained mutation: You regenerate health from kills. [demonic
                  | ancestry]
 22635 | Orc:2    | Reached XP level 15. HP: 109/115 MP: 19/30
 22776 | Orc:2    | Found Wamim's Antique Armour Boutique.
 22779 | Orc:2    | Found Ikkappa's General Store.
 22780 | Orc:2    | Found Jijufum's Book Boutique.
 22781 | Orc:2    | Found Zufekir's Distillery.
 22787 | Orc:2    | Bought a potion of heal wounds for 55 gold pieces
 23196 | D:13     | Bought a scroll of teleportation for 33 gold pieces
 23196 | D:13     | Bought a manual of Conjurations for 880 gold pieces
 24094 | D:13     | Found a gate to the Vaults.
 24100 | D:13     | Reached skill level 10 in Conjurations
 24842 | D:14     | Offered knowledge of Conjure Ball Lightning by Vehumet.
 24887 | D:14     | Noticed Josephine
 24897 | D:14     | Killed Josephine
 25769 | D:15     | Entered Level 15 of the Dungeon
 25911 | D:15     | Found a staircase to the Depths.
 26565 | D:15     | Identified the +6 spear of Parts Unknown {heavy, rCorr MP-9
                  | Str+4}
 27130 | D:5      | Bought a +4 ring of protection for 432 gold pieces
 27358 | Swamp:1  | Entered Level 1 of the Swamp
 27458 | Swamp:1  | Noticed Donald
 27530 | Swamp:1  | Killed Donald
 27706 | Swamp:1  | Reached XP level 16. HP: 127/127 MP: 31/31
 27737 | Swamp:1  | Noticed rjrrt's ghost (adept MiFi)
 27758 | Swamp:1  | Found a runed translucent gate.
 27758 | Swamp:1  | Found a runed translucent gate.
 27758 | Swamp:1  | Found a runed translucent gate.
 28135 | Swamp:1  | Noticed Jorgrun
 28147 | Swamp:1  | Killed Jorgrun
 28547 | Swamp:2  | Reached skill level 1 in Evocations
 28598 | Swamp:2  | Offered knowledge of Arcjolt by Vehumet.
 29184 | Swamp:2  | Paralysed by a fenstrider witch for 3 turns
 29193 | Swamp:2  | Paralysed by a fenstrider witch for 4 turns
 29616 | Swamp:2  | Noticed a thorn hunter
 29630 | Swamp:2  | Killed a thorn hunter
 30155 | Elf:1    | Entered Level 1 of the Elven Halls
 30184 | Elf:1    | Reached skill level 14 in Unarmed Combat
 30230 | Elf:1    | Found a frozen archway.
 30368 | IceCv    | Entered an ice cave
 31396 | IceCv    | Noticed a golden dragon
 31427 | IceCv    | Killed a golden dragon
 31497 | IceCv    | Reached skill level 15 in Unarmed Combat
 31498 | IceCv    | Offered knowledge of Lehudib's Crystal Spear by Vehumet.
 31568 | IceCv    | Identified the ring "Kiaz" {Fire Dex+4}
 31574 | IceCv    | Identified the ring "Toilech" {Str+6 Dex+6 SInv}
 31898 | Elf:1    | Found Hesch's Jewellery Boutique.
 32087 | Elf:1    | Reached skill level 1 in Shields
 32344 | Elf:1    | Identified the ring "Enana" {Will+ rCorr Dex+4}
 32345 | Elf:1    | Identified the ring "Neoh" {Fly Dex+3}
 32354 | Elf:1    | Reached skill level 5 in Shields
 32374 | Elf:1    | Noticed Zenata
 32394 | Orc:2    | Reached XP level 17. HP: 45/133 MP: 30/33
 32574 | Orc:2    | Learned a level 2 spell: Blink
 33106 | Swamp:3  | Reached skill level 1 in Armour
 33106 | Swamp:3  | Reached skill level 1 in Translocations
 33889 | Swamp:4  | Entered Level 4 of the Swamp
 34381 | Swamp:4  | Offered knowledge of Shatter by Vehumet.
 34381 | Swamp:4  | Offered knowledge of Chain Lightning by Vehumet.
 34381 | Swamp:4  | Offered knowledge of Maxwell's Capacitive Coupling by
                  | Vehumet.
 34675 | Swamp:4  | Reached skill level 5 in Armour
 36048 | Swamp:4  | Got a decaying rune of Zot
 36363 | D:4      | Killed Sigmund
 36429 | D:6      | Bought a scroll of teleportation for 30 gold pieces
 36429 | D:6      | Bought a scroll of teleportation for 30 gold pieces
 36429 | D:6      | Bought a scroll of enchant armour for 75 gold pieces
 36622 | Snake:1  | Entered Level 1 of the Snake Pit
 37316 | Snake:1  | Noticed Aizul
 37883 | Vaults:1 | Entered Level 1 of the Vaults
 38309 | Vaults:1 | Reached XP level 18. HP: 130/142 MP: 34/34
 39018 | Vaults:1 | Reached skill level 15 in Dodging
 39441 | Vaults:1 | Found Tylisyid's Book Emporium.
 39475 | Vaults:1 | Found Icatevyna's Jewellery Boutique.
 39521 | Vaults:1 | Found Qoepp's General Store.
 39724 | Vaults:1 | Bought 2 potions of enlightenment for 150 gold pieces
 40752 | Vaults:2 | Found Visay's Distillery.
 40760 | Vaults:2 | Bought a potion of haste for 180 gold pieces
 40760 | Vaults:2 | Bought a potion of heal wounds for 90 gold pieces
 40774 | Vaults:2 | Found Vorediwk's Antique Weapon Shoppe.
 40954 | Vaults:2 | Found Cesazem's Distillery.
 40961 | Vaults:2 | Bought a potion of curing for 36 gold pieces
 40961 | Vaults:2 | Bought a potion of curing for 36 gold pieces
 40961 | Vaults:2 | Bought a potion of curing for 36 gold pieces
 41074 | Vaults:2 | Reached skill level 16 in Unarmed Combat
 41978 | Snake:1  | Killed Aizul
 42278 | Snake:2  | Identified the ring of Hyogaiss {rPois rN+}
 42291 | Snake:2  | Found Xaanus's Distillery.
 42299 | Snake:2  | Bought a potion of heal wounds for 70 gold pieces
 42398 | Snake:2  | Reached XP level 19. HP: 140/150 MP: 32/35
 42469 | Snake:2  | Found a runed translucent door.
 42715 | Snake:2  | Reached skill level 17 in Unarmed Combat
 42732 | Snake:2  | Identified the +0 pair of boots of Delisiwn {Int+3}
 42775 | Snake:2  | Noticed Zapal's ghost (adept DgEE)
 43655 | Snake:4  | Entered Level 4 of the Snake Pit
 44494 | Snake:4  | Found Jimmauhy's Weapon Shop.
 45813 | Snake:4  | Reached skill level 10 in Shields
 45906 | Snake:4  | Got a serpentine rune of Zot
 46609 | Vaults:3 | Noticed Sojobo
 46752 | Vaults:3 | Reached XP level 20. HP: 123/160 MP: 36/36
 46878 | Vaults:3 | Reached skill level 5 in Air Magic
 47239 | Vaults:3 | Noticed Margery
 47242 | Vaults:3 | Paralysed by a formless jellyfish for 1 turns
 47386 | Vaults:3 | Killed Margery
 47616 | Vaults:3 | Found a staircase to the Crypt.
 47673 | Vaults:3 | Killed Sojobo
 47762 | Vaults:3 | Paralysed by a great orb of eyes for 4 turns
 48609 | Vaults:4 | Paralysed by a formless jellyfish for 1 turns
 48867 | Vaults:4 | Identified the +6 battleaxe of Fragile Peace {flame, rN+
                  | Str+2 Int+4}
 49656 | Vaults:4 | Identified the +3 plate armour of Ziatzuom {rN+}
 49703 | Vaults:4 | Reached skill level 15 in Shields
 49920 | Vaults:4 | Gained mutation: You are surrounded by an aura of silence.
                  | [demonic ancestry]
 49920 | Vaults:4 | Reached XP level 21. HP: 166/166 MP: 37/37
 50651 | Elf:1    | Killed Zenata
 50652 | Elf:1    | Reached skill level 18 in Unarmed Combat
 50883 | Elf:1    | Identified the ring of Nagemp {rC+ rCorr Str-2 Int+2}
 51060 | Elf:1    | Got a parchment book
 51116 | Elf:1    | Identified the +8 orcbow of the Whale {drain, rCorr}
 51646 | Elf:2    | Paralysed by an air elemental for 1 turns
 51978 | Elf:2    | Found a runed translucent gate.
 51978 | Elf:2    | Found a runed translucent gate.
 51978 | Elf:2    | Found a runed translucent gate.
 52110 | Elf:3    | Entered Level 3 of the Elven Halls
 52110 | Elf:3    | Noticed Norris
 52206 | Elf:3    | Reached skill level 19 in Unarmed Combat
 52221 | Elf:3    | Killed Norris
 52485 | Elf:3    | Identified the staff "Wyhu" {rF+ rC- rN++ Str-5 SInv Fire}
 52578 | Elf:3    | Noticed Roxanne
 52616 | Elf:3    | Killed Roxanne
 52918 | Elf:3    | Found Qatunlo's Assorted Antiques.
 52925 | Elf:3    | Bought a scroll of teleportation for 87 gold pieces
 54767 | Elf:3    | Paralysed by an air elemental for 1 turns
 54910 | Elf:3    | Reached skill level 20 in Unarmed Combat
 55508 | Elf:3    | Identified the +9 double sword of Might {vamp, *Slow rF+
                  | Dex+4}
 55741 | Elf:3    | Found the +3 pair of mountain boots {steadfast, rC+}
 56139 | Depths:1 | Entered Level 1 of the Depths
 56406 | Depths:1 | Reached skill level 15 in Fighting
 56429 | Depths:1 | Found Jyicar's General Store.
 56437 | Depths:1 | Bought a scroll of teleportation for 57 gold pieces
 56716 | Depths:1 | Found a gateway to Hell.
 56741 | Depths:1 | Gained mutation: You regenerate a lot of health from kills.
                  | [demonic ancestry]
 56741 | Depths:1 | Reached XP level 22. HP: 161/176 MP: 38/38
 56919 | Depths:1 | Found Muplaun's Book Emporium.
 57731 | Depths:2 | Noticed a juggernaut
 57759 | Depths:2 | Killed a juggernaut
 58161 | Depths:2 | Identified the +2 pair of boots "Kidwoemn" {Contam rElec
                  | rF+ Dex+3}
 58202 | Depths:2 | Identified the +2 hand axe of Recklessness {pain, rPois}
 58304 | Depths:2 | Noticed a golden dragon
 58326 | Depths:2 | Killed a golden dragon
 58507 | Depths:2 | Noticed a golden dragon
 58519 | Depths:2 | Killed a golden dragon
 58843 | Depths:2 | Identified the +2 leather armour "Fojufih" {SInv Stlth+}
 58923 | Depths:2 | Noticed a golden dragon
 58943 | Depths:2 | Killed a golden dragon
 59084 | Depths:2 | Found a one-way gate leading to the halls of Pandemonium.
 59633 | Depths:3 | Found Qicaskas's Assorted Antiques.
 59641 | Depths:3 | Bought a distressingly furry ring mail for 432 gold pieces
 59641 | Depths:3 | Identified the +2 ring mail of Viotesch {Will+ Str+6} (You
                  | bought it in a shop on level 3 of the Depths)
 59660 | Depths:3 | Found a one-way gateway to a ziggurat.
 59706 | Depths:3 | Found a one-way gate to the infinite horrors of the Abyss.
 60030 | Depths:3 | Found an ancient bone altar of Kikubaaqudgha.
 60417 | Depths:4 | Entered Level 4 of the Depths
 60474 | Depths:4 | Noticed Grunn
 60572 | Depths:4 | Reached XP level 23. HP: 134/180 MP: 39/39
 60597 | Depths:4 | Found a flickering gateway to a bazaar.
 60608 | Depths:4 | Killed Grunn
 60609 | Depths:4 | Reached skill level 10 in Armour
 60636 | Bazaar   | Entered a bazaar
 60645 | Bazaar   | Found Okeov's Antique Weapon Emporium.
 60658 | Bazaar   | Found Sotetoy's Antique Weapon Shoppe.
 60675 | Bazaar   | Found Aguirush's Antique Armour Shoppe.
 60680 | Bazaar   | Bought a fine helmet for 180 gold pieces
 60680 | Bazaar   | Identified the +2 helmet of Inquiry {rPois} (You bought it
                  | in a shop in a bazaar)
 60697 | Bazaar   | Found Node's Antique Armour Emporium.
 60702 | Bazaar   | Bought a faintly glowing scale mail for 216 gold pieces
 60702 | Bazaar   | Identified the +3 scale mail of Jodoaw {Int+3} (You bought
                  | it in a shop in a bazaar)
 60702 | Bazaar   | Bought a pair of embroidered boots for 180 gold pieces
 60928 | Depths:4 | Noticed Vv
 60983 | Depths:4 | Killed Vv
 61213 | Depths:4 | Found a gate to the Realm of Zot.
 61644 | Depths:4 | Found a blossoming altar of Fedhas.
 62109 | Crypt:1  | Entered Level 1 of the Crypt
 62210 | Crypt:1  | Reached skill level 21 in Unarmed Combat
 62249 | Crypt:1  | Found a runed translucent gate.
 62249 | Crypt:1  | Found a runed translucent gate.
 62250 | Crypt:1  | Found a runed translucent gate.
 62252 | Crypt:1  | Noticed Hegoitz's ghost (veteran MiGl)
 62612 | Crypt:1  | Reached skill level 22 in Unarmed Combat
 63764 | Crypt:3  | Entered Level 3 of the Crypt
 64081 | Crypt:3  | Found an ancient bone altar of Kikubaaqudgha.
 64337 | Crypt:3  | Got a worn book
 64582 | Crypt:3  | Reached XP level 24. HP: 193/193 MP: 39/39
 64614 | Crypt:3  | Identified the staff of Gin and Tonic {rPois rC++ rN+ Int-4
                  | Dex+3 Necro}
 64761 | Crypt:3  | Identified the ring "Veow" {rN+ SInv}
 64761 | Crypt:3  | Identified the ring "Tecea" {rC+ rN+}
 64761 | Crypt:3  | Identified the ring of Grace {rElec rN+ Str+7 Int-2 Stlth+}
 64841 | Crypt:3  | Found a staircase to the Tomb.
 64841 | Crypt:3  | Noticed Jory
 64871 | Crypt:3  | Killed Jory
 65109 | Crypt:3  | Identified the +2 leather armour of Qaza Qae {Will+ Dex+3}
 65362 | Vaults:5 | Entered Level 5 of the Vaults
 65364 | Vaults:5 | Noticed a dread lich
 65469 | Vaults:4 | Killed a dread lich
 65495 | Vaults:5 | Noticed a dread lich
 65613 | Vaults:4 | Killed a dread lich
 66081 | Vaults:5 | Noticed a dread lich
 66225 | Vaults:5 | Killed a dread lich
 66754 | Vaults:5 | Identified the +2 robe "Ussuoqaar" {+Blink rPois Will+
                  | Archmagi}
 66848 | Vaults:5 | Identified the ring of Hiogrus {rC+ Int+8 Dex-2}
 67048 | Abyss:2  | Cast into level 2 of the Abyss (a deep elf demonologist)
 67432 | Abyss:2  | Gained mutation: When seriously injured, your blood forms
                  | very thick armour. (AC +0) [demonic ancestry]
 67432 | Abyss:2  | Reached XP level 25. HP: 148/208 MP: 39/39
 67491 | Vaults:5 | Escaped the Abyss
 67669 | Vaults:5 | Identified the +2 falchion of Qisouf {heavy, rPois rCorr
                  | Int+6 Dex-3}
 67950 | Vaults:5 | Got a silver rune of Zot
 68084 | Vaults:5 | Noticed Mara
 68093 | Vaults:5 | Found the +3 pair of seven-league boots {Rampage+∞}
 68096 | Vaults:5 | Got a conspicuous book
 68194 | Vaults:5 | Noticed questionabletactics's illusion
 68196 | Vaults:5 | Killed Mara
 68558 | Vaults:2 | Bought a potion of might for 48 gold pieces
 68558 | Vaults:2 | Bought a potion of resistance for 120 gold pieces
 68633 | D:13     | Bought a potion of curing for 33 gold pieces
 68633 | D:13     | Bought a potion of haste for 110 gold pieces
 68771 | D:7      | Bought a scroll of enchant armour for 82 gold pieces
 68771 | D:7      | Bought a scroll of summoning for 104 gold pieces
 68771 | D:7      | Bought a scroll of blinking for 82 gold pieces
 68771 | D:7      | Bought a scroll of enchant armour for 82 gold pieces
 68955 | Snake:2  | Bought a potion of curing for 42 gold pieces
 68955 | Snake:2  | Bought 2 potions of haste for 280 gold pieces
 68955 | Snake:2  | Bought a potion of might for 56 gold pieces
 68955 | Snake:2  | Bought a potion of cancellation for 112 gold pieces
 68955 | Snake:2  | Bought 2 potions of enlightenment for 140 gold pieces
 68955 | Snake:2  | Bought a potion of invisibility for 112 gold pieces
 69134 | Swamp:1  | Killed rjrrt's ghost
 69150 | Swamp:1  | Reached skill level 5 in Translocations
 69336 | Snake:2  | Killed Zapal's ghost
 69728 | Crypt:1  | Killed Hegoitz's ghost
 69743 | Crypt:1  | Identified the -2 hat of Bad Feelings {Str+3 Int+3 Stlth+}
 70002 | Depths:3 | Bought a potion of haste for 480 gold pieces
 70060 | Zot:1    | Entered Level 1 of the Realm of Zot
 70287 | Depths:4 | Learned a level 4 spell: Manifold Assault
 70416 | Zot:1    | Found a transporter.
 70500 | Zot:1    | Noticed an orb of fire
 70516 | Zot:1    | Gained mutation: You are occasionally teleported next to
                  | monsters. [an orb of fire]
 70518 | Zot:1    | Gained mutation: You are vulnerable to cold. (rC-) [an orb
                  | of fire]
 70532 | Zot:1    | Killed an orb of fire
 70574 | Zot:1    | Lost mutation: You are occasionally teleported next to
                  | monsters. [potion of mutation]
 70574 | Zot:1    | Lost mutation: You are vulnerable to cold. (rC-) [potion of
                  | mutation]
 70574 | Zot:1    | Gained mutation: You are agile. (Dex +4, Str/Int -1)
                  | [potion of mutation]
 70574 | Zot:1    | Gained mutation: You are strong-willed. (Will+) [potion of
                  | mutation]
 70574 | Zot:1    | Gained mutation: Your muscles are strong. (Str +4, Int/Dex
                  | -1) [potion of mutation]
 70763 | Zot:1    | Noticed an orb of fire
 70767 | Zot:1    | Gained mutation: You are occasionally teleported next to
                  | monsters. [an orb of fire]
 70770 | Zot:1    | Gained mutation: Armour fits poorly on your strangely
                  | shaped body. [an orb of fire]
 70784 | Zot:1    | Killed an orb of fire
 70785 | Zot:1    | Reached skill level 10 in Translocations
 70846 | Zot:1    | Reached skill level 15 in Armour
 70884 | Zot:1    | Lost mutation: You are strong-willed. (Will+) [potion of
                  | mutation]
 70884 | Zot:1    | Lost mutation: You are occasionally teleported next to
                  | monsters. [potion of mutation]
 70884 | Zot:1    | Lost mutation: Armour fits poorly on your strangely shaped
                  | body. [potion of mutation]
 70884 | Zot:1    | Gained mutation: Your spells are a little easier to cast,
                  | but a little less powerful. [potion of mutation]
 70884 | Zot:1    | Gained mutation: You are dopey. (Int -2) [potion of
                  | mutation]
 70884 | Zot:1    | Lost mutation: You are agile. (Dex +4, Str/Int -1) [potion
                  | of mutation]
 70971 | Zot:2    | Noticed a Killer Klown
 70974 | Zot:2    | Identified a scroll of acquirement
 70988 | Zot:2    | Killed a Killer Klown
 71025 | Zot:2    | Acquired 1155 gold pieces
 71069 | Zot:3    | Noticed a Killer Klown
 71079 | Zot:3    | Killed a Killer Klown
 72167 | Zot:4    | Reached XP level 26. HP: 217/217 MP: 39/39
 72275 | Zot:5    | Entered Level 5 of the Realm of Zot
 72837 | Zot:5    | Noticed an ancient lich
 72848 | Zot:5    | Noticed an ancient lich
 72855 | Zot:5    | Killed an ancient lich
 72864 | Zot:5    | Reached skill level 23 in Unarmed Combat
 72869 | Zot:5    | Killed an ancient lich
 73132 | Zot:5    | Noticed an orb of fire
 73297 | Zot:5    | Killed an orb of fire
 73305 | Zot:5    | Noticed a dread lich
 73323 | Zot:5    | Killed a dread lich
 73325 | Zot:5    | Noticed a dread lich
 73367 | Zot:5    | Killed a dread lich
 73566 | Zot:5    | Got the Orb of Zot
 74087 | D:10     | Noticed Juireh the pandemonium lord
 74232 | D:3      | Noticed Toteitar the pandemonium lord
 74307 | D:1      | Noticed Jasaitsuu the pandemonium lord
 74316 | D:$      | Escaped with the Orb!

Illustrated notes

Levels and vault maps discovered:
D:1:      dpeg_arrival_court, layout_loops_ring,
          shapermc_ecumenical_altar_mp_highgroup
D:2:      layout_basic, chequers_serial_rivers_small_3
D:3:      layout_basic, vehumet_crystals
D:4:      layout_basic, mainiacjoe_overflow_surrounded_room,
          mainiacjoe_overflow_large_starburst, temple_fountains, serial_shops,
          kennysheep_mini_moat, shop_fountains, uniq_sigmund
D:5:      kennysheep_spiral_hall, layout_gridville,
          mainiacjoe_overflow_tiny_flanked, serial_shops, shop,
          nicolae_elevator_lobby_asterisk, uniq_pikel
D:6:      layout_basic, serial_shops, shop
D:7:      layout_rooms, gup_ossuary_entry_pyramid, serial_shops, shop,
          roderic_lattice_a, uniq_duvessa
D:8:      layout_basic, nicolae_uskayaw_suspiria, led_sif_pool, uniq_maurice
D:9:      layout_loops_cross, good_gods_mini_temple, okawaru_metal_pillars_1_2
D:10:     layout_big_octagon, lemuel_coloured_pillars_altar, dk_noncrumbling_4
D:11:     layout_gridville, elyvilon_altar_4
D:12:     minmay_textured_paths, layout_loops_ring, uniq_kirke
D:13:     layout_rooms, lightli_vaults_fourway_checkpoint,
          gauntlet_entry_generic, serial_shops, nicolae_shop_stone
D:14:     layout_basic, chequers_serial_rivers_large_a, minmay_quadrilaterals,
          uniq_josephine
D:15:     gammafunk_enter_depths_forms, layout_loops_corners, glass_columns_a
Temple:   cyrus_temple_forest
Lair:1:   layout_cave_pods, serial_bayou_lake_a
Lair:2:   layout_gridlike, palyth_hydra_swamp_entry, nicolae_snake_entry_squirm
Lair:3:   layout_cave_shapes, lightli_volcano_entry_magma_tube,
          grunt_forest_small_clearing_treed
Lair:4:   nzn_winding_woodlands_three_and_one [nzn_winding_woodlands_5x15_twine,
          nzn_winding_woodlands_5x15_parted, nzn_winding_woodlands_5x15_default,
          nzn_winding_woodlands_center_garden], layout_cave_pods,
          nicolae_slime_entry_slimehenge, basic_altar, minivault_25,
          kennysheep_catoblepas_arena, infiniplex_staircase_pool_2,
          lemuel_fruit_fields
Lair:5:   cheibrodos_lair_end_hotspot, layout_regular_city,
          nicolae_quartered_pool_medium, bobbens_ice_dragon_lair
Swamp:1:  layout_basic_swamp, gammafunk_ghost_split, hangedman_swamp_ruin_hall,
          uniq_donald, uniq_jorgrun
Swamp:2:  cheibrodos_swamp_tower_of_moss, layout_basic_swamp,
          nicolae_swamp_orc_logging_accident
Swamp:3:  layout_basic_swamp, evilmike_swamp_ruin_house_1,
          nicolae_swamp_no_escape
Swamp:4:  swamp_vile, layout_basic_swamp
Snake:1:  layout_cave_pods, st_stairs_9, uniq_aizul
Snake:2:  layout_rooms, serial_shops, shop, ebering_ghost_reflecting_pool
Snake:3:  layout_gridlike, nicolae_snake_guarding_the_ruins
Snake:4:  snake_pit_salamanders_mu, layout_cave_town, serial_shops, shop,
          nicolae_snake_lava_pool
Orc:1:    layout_caves, uniq_erolcha
Orc:2:    st_orc_pillars, layout_caves
Elf:1:    minmay_the_grid_triangle_9x9_rhombus_thin
          [minmay_the_grid_triangle_9x9_flanged_cone,
          minmay_the_grid_triangle_9x9_prize_special,
          minmay_the_grid_triangle_9x9_alien,
          minmay_the_grid_triangle_9x9_semitri], layout_loops_cross,
          serial_shops, nicolae_shop_behind_doors,
          portal_ice_cave_entry_ice_statue_two, minmay_elf_sorcery,
          grunt_ministairs_10, minmay_strange_pillars, uniq_zenata
Elf:2:    nicolae_elf_blades_splatter_lattice [nicolae_blade_entry_antechamber],
          layout_rooms, hangedman_elf_simple_split
Elf:3:    minmay_elf_hall_dome, layout_geoelf_grid, serial_shops, shop,
          uniq_norris, uniq_roxanne
Vaults:1: hangedman_vaults_river_flow, vaults_mumra_hexcomb,
          nicolae_vaults_little_ls, nicolae_vaults_shipping_containers_7,
          nicolae_vaults_what_the_h, v_misc_23, dpeg_vaults_monster_row,
          v_misc_9, ontoclasm_vaults_chip, nicolae_vaults_ring_of_whatevers,
          ontoclasm_vaults_ligature, vaults_room_grid, layout_vaults_ring,
          serial_shops, nicolae_shop_window_shopping, shop,
          nicolae_shop_tiny_glass
Vaults:2: nicolae_vaults_rhombus_5, nicolae_vaults_ninety_degrees,
          nicolae_vaults_house_1, v_alt_pattern_2, dpeg_vaults_monster_box,
          nicolae_vaults_little_squares_4, v_alt_pattern_6,
          ontoclasm_vaults_ring_square, nicolae_vaults_trapezoid_lopsided_1,
          nicolae_vaults_shelves_hall, nicolae_vaults_diagonal_hallway_7,
          nicolae_vaults_steering_wheel, nicolae_vaults_specimen_jars,
          nicolae_vaults_house_1, layout_vaults_omnicross, serial_shops, shop,
          nicolae_shop_industrial_runoff, shop
Vaults:3: nicolae_vaults_tetromino_L_1, dpeg_vaults_hating_casters,
          minmay_crypt_entry_simple_box, v_misc_29,
          nicolae_vaults_hallways_thing, nicolae_vaults_trapezoid_4,
          ontoclasm_vaults_ring_large, nicolae_vaults_tetromino_L_2,
          nicolae_vaults_little_squares_6, nicolae_vaults_storage_closets_2,
          nicolae_vaults_network_s, nicolae_vaults_closet_pinwheel_4,
          nicolae_vaults_trapezoid_1, layout_vaults_maze_snakey, uniq_sojobo,
          uniq_margery
Vaults:4: nicolae_vaults_network_quinsquares
          [nicolae_vaults_network_quincunx_subvault,
          nicolae_vaults_network_quincunx_subvault,
          nicolae_vaults_network_quincunx_subvault,
          nicolae_vaults_network_quincunx_subvault], vaults_room_fours,
          v_rooms_3, nicolae_vaults_big_ls, hangedman_vaults_corner, v_misc_27,
          vaults_room_grid, hangedman_vaults_stretched_pinwheel,
          vaults_dpeg_diagonal, nicolae_vaults_double_plus_1,
          layout_vaults_chaotic_city
Vaults:5: serial_shops, uniq_mara
Crypt:1:  layout_gridlike, gammafunk_ghost_necromancy,
          ebering_dispersal_statue_hall
Crypt:2:  layout_basic, grunt_megastairs_4
Crypt:3:  grunt_crypt_end_deaths_head
Depths:1: layout_roguey, minmay_misc_feat_rows, hellmouth_3, serial_shops,
          nicolae_shop_rolling_square, shop, dreamdust_looks_like_rain
Depths:2: minmay_four_inscribed_fans, layout_gridville, pan_entry,
          grunt_metal_band, amcnicky_mini_corridor_feature
Depths:3: wander_protected_by_tso, layout_cave_shapes, enter_ziggurat_b,
          serial_shops, shop, abyss_entry, kiku_gazebo_garden_becter,
          hell_entry, dispersion_dpeg, firewood_loft,
          infiniplex_staircase_door_maze
Depths:4: grunt_x_marks_the_spot, layout_cave_pools, fedhas_altar_3,
          serial_shops, bzr_entry_water, hangedman_coc_ice_floe,
          hangedman_abyss_entry_splay, uniq_jory, uniq_grunn, uniq_vv
Zot:1:    lemuel_draconian_sentries_small, layout_onion_interference,
          nicolae_transporter_intersection
Zot:2:    layout_basic, st_large_dragon_hoard_3
Zot:3:    layout_basic
Zot:4:    layout_onion
Zot:5:    layout_basic, grunt_ministairs_10, lemuel_golem_globe

Skill      XL: |  1  2  3  4  5  6  7  8  9 10 11 12 13 14 15 16 17 18 19 20 21 22 23 24 25 26 |
---------------+-------------------------------------------------------------------------------+-----
Spellcasting   | 3 4 5 6 8 9 10 11 12 | 12.2
Poison Magic   | 4 7 |  7.1
Conjurations   | 1 3 5 8 12 13 14 | 14.6
Unarmed Combat | 3 6 8 9 11 12 13 15 16 17 20 22 23 | 23.6
Fighting       | 4 5 7 10 11 12 13 14 15 16 19 21 | 21.2
Dodging        | 2 4 6 9 11 13 14 15 17 19 20 | 20.0
Air Magic      | 2 4 5 |  5.2
Evocations     | 4 |  4.3
Shields        | 5 11 15 | 15.6
Armour         | 6 9 10 12 15 | 15.2
Translocations | 3 12 | 12.8
Stealth        | 3 |  3.1
Transmutations | |  0.8

Action                     |  1- 3 |  4- 6 |  7- 9 | 10-12 | 13-15 | 16-18 | 19-21 | 22-24 | 25-27 || total
---------------------------+-------+-------+-------+-------+-------+-------+-------+-------+-------++-------
  Melee: Mace              |     4 |       |       |       |       |       |       |       |       ||     4
         Unarmed           |    17 |       |       |   187 |   697 |   806 |  1468 |  2114 |  1125 ||  6414
         Long sword        |    10 |       |       |       |       |       |       |       |       ||    10
         Lance             |       |    95 |   199 |   183 |       |       |       |       |       ||   477
  Throw: Dart              |       |       |       |       |     2 |     3 |     4 |     2 |       ||    11
   Cast: Sting             |    71 |    54 |    62 |     5 |     1 |       |       |       |       ||   193
         Mephitic Cloud    |       |     1 |    11 |    20 |    10 |    16 |    12 |       |       ||    70
         Poisonous Vapours |       |       |     2 |     4 |       |       |       |       |       ||     6
         Olgreb's Toxic Ra |       |       |       |    54 |   157 |   112 |    35 |    25 |     2 ||   385
         Sticky Flame      |       |       |       |     8 |    37 |    39 |     2 |       |       ||    86
         Freezing Cloud    |       |       |       |     5 |    30 |    95 |    59 |    10 |     5 ||   204
         Ignite Poison     |       |       |       |     4 |    41 |    36 |    10 |     3 |       ||    94
         Manifold Assault  |       |       |       |       |       |       |       |       |     3 ||     3
  Evoke: Wand              |       |     2 |     3 |     4 |     3 |    18 |     9 |    18 |     7 ||    64
         Phantom mirror    |       |       |       |       |       |     2 |       |       |       ||     2
    Use: Scroll            |       |       |     9 |    20 |    13 |    10 |     7 |     8 |    11 ||    78
         Potion            |       |       |       |     4 |     5 |    10 |     4 |     7 |    13 ||    43
   Stab: Sleeping          |       |     4 |     1 |       |       |     4 |     9 |     7 |     1 ||    26
         Confused          |       |       |     2 |    10 |     5 |     5 |    10 |       |       ||    32
         Distracted        |       |       |       |     1 |     1 |     3 |     5 |    10 |     1 ||    21
         Invisible         |       |       |       |       |       |       |       |     8 |       ||     8
 Armour: Robe              |    19 |    13 |     2 |       |       |       |       |       |       ||    34
         Leather armour    |       |    49 |    33 |     1 |   340 |   204 |       |       |       ||   627
         Steam dragon scal |       |       |    78 |   199 |       |       |       |       |       ||   277
         Ring mail         |       |       |       |       |       |   240 |   453 |   434 |       ||  1127
         Quicksilver drago |       |       |       |       |       |       |       |   114 |   274 ||   388
  Dodge: Dodged            |    26 |    59 |   105 |   174 |   441 |   503 |   593 |   905 |   621 ||  3427
  Block: Orb               |       |       |       |    28 |   128 |    41 |       |       |       ||   197
         Reflection        |       |       |       |       |     6 |    47 |    50 |    27 |    18 ||   148
         Buckler           |       |       |       |       |       |   262 |   157 |       |       ||   419
         Kite shield       |       |       |       |       |       |       |   768 |  1649 |   945 ||  3362

Table legend: (Time is in decaauts)
 A = Elapsed time spent in this place.
 B = Non-inter-level travel time spent in this place.
 C = Inter-level travel time spent in this place.
 D = Time resting spent in this place.
 E = Time spent auto-exploring this place.
 F = Levels seen in this place.
 G = Mean time per level.
                   A        B        C        D        E       F      G
               +--------+--------+--------+--------+--------+-----+--------+
         Total |  73088 |  66823 |   6265 |  17823 |  29790 |  56 | 1305.1 |
       Dungeon |  19555 |  17008 |   2547 |   3224 |  10093 |  15 | 1303.7 |
        Temple |      1 |      1 |      0 |      0 |      0 |   1 |    1.0 |
          Lair |   9198 |   7786 |   1412 |   1886 |   4443 |   5 | 1839.6 |
         Swamp |   6012 |   5764 |    248 |   2168 |   2397 |   4 | 1503.0 |
     Snake Pit |   5121 |   4738 |    383 |   1271 |   2005 |   4 | 1280.2 |
  Orcish Mines |   1806 |   1688 |    118 |    360 |    957 |   2 |  903.0 |
   Elven Halls |   6028 |   5818 |    210 |   2754 |   1653 |   3 | 2009.3 |
        Vaults |  10734 |   9914 |    820 |   2446 |   4330 |   5 | 2146.8 |
         Crypt |   3045 |   2860 |    185 |    284 |   1259 |   3 | 1015.0 |
        Depths |   5861 |   5523 |    338 |   1549 |   2278 |   4 | 1465.2 |
           Zot |   3159 |   3159 |      0 |   1299 |      0 |   5 |  631.8 |
         Abyss |    401 |    401 |      0 |      0 |      0 |   1 |  401.0 |
        Bazaar |     76 |     76 |      0 |      0 |     57 |   1 |   76.0 |
       Ossuary |    277 |    277 |      0 |     20 |     19 |   1 |  277.0 |
      Ice Cave |   1453 |   1453 |      0 |    500 |    298 |   1 | 1453.0 |
       Volcano |    354 |    354 |      0 |     59 |      0 |   1 |  354.0 |
               +--------+--------+--------+--------+--------+-----+--------+

Top non-repeatable levels by time:
   Elf:3: 3762 daAuts
  Lair:2: 2874 daAuts
Vaults:4: 2557 daAuts
Vaults:1: 2552 daAuts
 Snake:4: 2329 daAuts
 Swamp:4: 2216 daAuts
Vaults:3: 2094 daAuts
Vaults:5: 2094 daAuts
    D:12: 2084 daAuts
  Lair:5: 2032 daAuts
  Lair:4: 1942 daAuts
Depths:2: 1825 daAuts
     D:5: 1774 daAuts
  Lair:1: 1722 daAuts
   Elf:1: 1594 daAuts
